 Dungeon Crawl Stone Soup version 0.31-a0-1094-ge172a6e (webtiles) character file.

Game seed: 17273378060468860379

4443 Dorkslayer the Cleaver (level 10, -1/84 HPs)
             Began as a Hill Orc Fighter on Nov 29, 2023.
             Was an Initiate of Gozag.
             Slain by a +2 spectral giant spiked club (9 damage)
             ... created by Erolcha
             ... on level 9 of the Dungeon.
             The game lasted 00:11:54 (6686 turns).

Dorkslayer the Cleaver (Hill Orc Fighter)           Turns: 6686, Time: 00:11:55

Health: -1/84      AC: 16    Str: 22    XL:     10   Next: 37%
Magic:  0/19       EV:  8    Int:  8    God:    Gozag
Gold:   1103       SH:  5    Dex: 12    Spells: 9/9 levels left

rFire   + . .        a - +2 war axe (chaos)
rCold   + . .        c - +0 buckler
rNeg    . . .        l - +1 plate armour
rPois   .            u - +0 helmet
rElec   .            y - scarf {rC+ rF+}
rCorr   .            o - +0 pair of gloves
SInv    .            (no boots)
Will    .....        p - amulet of guardian spirit Stlth
                     B - ring of magical power
HPRegen 0.34/turn    (no ring)
MPRegen 0.16/turn

%: guardian spirit
@: gold aura, slowed, very slow
A: no striking features
a: Renounce Religion, Potion Petition, Call Merchant, Bribe Branch


You were on level 9 of the Dungeon.
You worshipped Gozag.
Gozag was most pleased with you.
You visited 2 branches of the dungeon, and saw 10 of its levels.

You collected 1180 gold pieces.
You paid 77 gold pieces to Gozag.

Inventory:

Hand Weapons
 a - a +2 war axe of chaos (weapon)
Missiles
 r - 8 boomerangs
 v - a throwing net
Armour
 c - a +0 buckler (worn)
 l - a +1 plate armour (worn)
 o - a +0 pair of gloves (worn)
 u - a +0 helmet (worn)
 y - a scarf of resistance (worn)
 z - a +0 cloak of stealth
Jewellery
 p - an amulet of guardian spirit (around neck)
 B - a ring of magical power (left hand)
Wands
 k - a wand of paralysis (10)
 m - a wand of polymorph (9)
 A - a wand of flame (21)
Scrolls
 f - 2 scrolls of immolation
 g - a scroll of poison
 h - 2 scrolls of fog
 j - 3 scrolls of revelation
 n - 3 scrolls of teleportation
 q - 2 scrolls of fear
 s - 2 scrolls of brand weapon
 w - a scroll of blinking
Potions
 b - a potion of resistance {unknown}
 d - 2 potions of might
 e - 4 potions of curing
 i - 2 potions of haste
 x - a potion of enlightenment {unknown}
 C - a potion of degeneration {unknown}
 E - a potion of berserk rage {unknown}


   Skills:
 + Level 6.8 Fighting
 + Level 12.0 Axes
 + Level 0.1 Throwing
 + Level 7.0 Armour
 * Level 4.7 Dodging
 + Level 0.6 Stealth
 + Level 5.6 Shields
 + Level 0.3 Unarmed Combat
 * Level 5.0 Evocations


You had 9 spell levels left.
You didn't know any spells.
Your spell library contained the following spells:

 Spells                   Type           Power      Damage    Failure   Level
 Apportation              Tloc           0%         N/A       100%        1
 Freeze                   Ice            0%         1d3       100%        1
 Summon Small Mammal      Summ           0%         N/A       100%        1
 Blink                    Tloc           0%         N/A       100%        2
 Ensorcelled Hibernation  Hex/Ice        0%         N/A       100%        2
 Jinxbite                 Hex            0%         N/A       100%        2
 Lesser Beckoning         Tloc           0%         N/A       100%        2
 Momentum Strike          Conj/Tloc      0%         3d8       100%        2
 Passwall                 Tmut/Erth      0%         N/A       100%        2
 Call Canine Familiar     Summ           0%         N/A       100%        3
 Frozen Ramparts          Ice            0%         1d1       100%        3
 Hailstorm                Conj/Ice       0%         3d3       100%        3
 Inner Flame              Hex/Fire       0%         N/A       100%        3
 Sigil of Binding         Hex            0%         N/A       100%        3
 Summon Guardian Golem    Hex/Summ       0%         N/A       100%        3
 Swiftness                Air            0%         N/A       100%        3
 Cause Fear               Hex            0%         N/A       100%        4
 Dimensional Bullseye     Hex/Tloc       0%         N/A       100%        4
 Flame Wave               Conj/Fire      0%         2d4       100%        4
 Leda's Liquefaction      Hex/Erth       0%         N/A       100%        4
 Sticky Flame             Conj/Fire      0%         2d3       100%        4
 Summon Ice Beast         Ice/Summ       0%         N/A       100%        4
 Alistair's Intoxication  Tmut/Pois      0%         N/A       100%        5
 Fireball                 Conj/Fire      0%         3d3       100%        5
 Malign Gateway           Summ/Tloc      0%         N/A       100%        7
 Summon Horrible Things   Summ           0%         N/A       100%        8
 Dragon's Call            Summ           0%         N/A       100%        9
 Simulacrum               Ice/Necr       Unusable   N/A       N/A         6

Dungeon Overview and Level Annotations

Branches:
Dungeon (9/15)             Temple (1/1) D:4
   Lair: D:8-11         Orc: D:9-12

Altars:
Ashenzari
Dithmenos
Elyvilon
Fedhas
Gozag
Hepliaklqana
Kikubaaqudgha
Makhleb
Nemelex Xobeh
Okawaru
Qazlal
Ru
Sif Muna
Trog
Uskayaw
Vehumet
Wu Jian
Xom
Yredelemnul

Annotations:
D:9 Erolcha


Message History

Aim: a hornet (chance to affect: 52%)
The hornet resists with significant effort.
The hornet stings you.
You feel yourself slow down. The hornet stings you.
You are poisoned.
You feel as though you will be slow longer.
Erolcha barely misses you.
You feel very sick. The hornet attacks as it pursues you!
The hornet closely misses you. The hornet stings you.
You feel as though you will be slow longer.
Cleave: a) +2 war axe (chaos)
Press: ? - help, Dir - move target, f - you, p - hornet That would be overly suicidal.
Okay, then.
Aiming: Paralyse
Press: ? - help, Shift-Dir - straight line, f - hornet
Aim: a hornet (chance to affect: 52%)
The hornet suddenly stops moving!
You feel sick.
The helpless hornet fails to defend itself.
You slash the hornet!
The hornet is heavily wounded.
You feel sick.
The helpless hornet fails to defend itself.
You slice the hornet!! You freeze the hornet.
You kill the hornet!
You feel sick.
Erolcha is distracted by your dazzling golden aura.
Your Armour skill increases to level 7!
You feel sick.
You are no longer poisoned.
Erolcha is no longer distracted by gold.
Erolcha hits you with a +2 spectral giant spiked club!!
The +2 spectral giant spiked club barely misses you.
A +2 spectral giant spiked club comes into view.
You see here 5 gold pieces.
The +2 spectral giant spiked club hits you!!!
* * * LOW HITPOINT WARNING * * *
The +2 spectral giant spiked club hits you!
You die...
Your body crumbles into a pile of gold.

########## ###........#
#......###.# #.#.##.#
#.#
######.#.##<###.#######
#........##.##........#
#.####@####.###.##.....
#(# #.# ####.##.#
#O....... #..#.#
.....(... #.#..#
...#.?.... #.###<#
.≈..#...... #.# ##.
.....#...$....# #
##.#### ......# #.
......


You could see Erolcha (poisoned, slow) and a +2 spectral giant spiked club.

Vanquished Creatures
  A two-headed ogre (D:8)
  Maurice (D:7)
  Joseph (D:7)
  A troll (D:9)
  A hornet (D:9)
  A steam dragon (D:8)
  Menkaure (D:7)
  2 acid dragons
  A water moccasin (D:7)
  Duvessa (D:4)
  4 ice beasts
  An orc warrior (D:5)
  A black bear (D:8)
  A sky beast (D:7)
  2 ogres
  A phantom (D:5)
  A kobold brigand (D:8)
  A bullfrog (D:8)
  3 scorpions
  Dowan (D:4)
  3 killer bees (D:8)
  3 orc priests
  A hound (D:6)
  A jelly (D:5)
  3 sleepcaps
  Ijyb (D:5)
  2 iguanas
  6 orc wizards
  3 gnolls (D:3)
  6 adders
  A shadow imp (D:5)
  3 worms
  A dart slug (D:1)
  20 orcs
  4 ball pythons
  5 endoplasms
  A giant cockroach (D:4)
  5 goblins
  2 hobgoblins
  11 jackals
  8 kobolds
  4 quokkas
  6 bats
  4 frilled lizards
  2 rats
133 creatures vanquished.

Notes
Turn   | Place    | Note
-------+----------+-------------------------------------------
     0 | D:1      | Dorkslayer the Hill Orc Fighter began the quest for the
                  | Orb.
     0 | D:1      | Reached XP level 1. HP: 19/19 MP: 1/1
   436 | D:1      | Reached XP level 2. HP: 27/27 MP: 2/2
   793 | D:2      | Found a faded altar of an unknown god.
   935 | D:2      | Reached skill level 3 in Axes
   935 | D:2      | Reached XP level 3. HP: 31/33 MP: 3/3
  1143 | D:2      | Reached skill level 1 in Dodging
  1334 | D:3      | Reached XP level 4. HP: 40/40 MP: 4/4
  1380 | D:3      | Reached skill level 4 in Axes
  1811 | D:3      | Reached XP level 5. HP: 46/46 MP: 5/5
  2149 | D:4      | Found a burning altar of Makhleb.
  2149 | D:4      | Found an opulent altar of Gozag.
  2163 | D:4      | Reached skill level 5 in Axes
  2169 | D:4      | Became a worshipper of Gozag Ym Sagoz the Greedy
  2221 | D:4      | Reached XP level 6. HP: 47/53 MP: 6/6
  2281 | D:4      | Found a staircase to the Ecumenical Temple.
  2316 | Temple   | Entered the Ecumenical Temple
  2456 | D:4      | Noticed Duvessa
  2457 | D:4      | You fall into a shaft and drop 1 floor!
  2457 | D:5      | Entered Level 5 of the Dungeon
  2480 | D:4      | Noticed Dowan
  2490 | D:4      | Killed Duvessa
  2491 | D:4      | Reached skill level 6 in Axes
  2496 | D:4      | Killed Dowan
  2497 | D:4      | Reached XP level 7. HP: 38/60 MP: 4/7
  2772 | D:5      | Noticed Ijyb
  2779 | D:5      | Killed Ijyb
  2914 | D:5      | Reached skill level 7 in Axes
  3031 | D:5      | Reached skill level 1 in Evocations
  3159 | D:5      | Reached skill level 5 in Fighting
  3167 | D:5      | Reached XP level 8. HP: 34/68 MP: 3/8
  3333 | D:5      | Reached skill level 8 in Axes
  3340 | D:5      | Found a shimmering blue altar of Sif Muna.
  3591 | D:6      | Reached skill level 5 in Armour
  4367 | D:7      | Reached skill level 9 in Axes
  4594 | D:7      | Noticed Menkaure
  4600 | D:7      | Killed Menkaure
  4601 | D:7      | Reached XP level 9. HP: 57/75 MP: 7/9
  4840 | D:7      | Noticed Maurice
  4841 | D:7      | Noticed Joseph
  4847 | D:7      | Paralysed by Maurice for 5 turns
  4852 | D:7      | Maurice stole 743 gold
  4853 | D:7      | Maurice stole 8 boomerangs
  4865 | D:7      | Killed Joseph
  4866 | D:7      | Reached skill level 10 in Axes
  4866 | D:7      | Reached skill level 5 in Shields
  4869 | D:7      | Killed Maurice
  5589 | D:8      | Reached skill level 11 in Axes
  5945 | D:8      | Reached XP level 10. HP: 64/84 MP: 10/10
  6060 | D:8      | Noticed a two-headed ogre
  6070 | D:8      | Killed a two-headed ogre
  6534 | D:9      | Reached skill level 5 in Evocations
  6670 | D:9      | Reached skill level 12 in Axes
  6673 | D:9      | Noticed Erolcha
  6686 | D:9      | Slain by a +2 spectral giant spiked club

Illustrated notes

Levels and vault maps discovered:
D:1:      spicycebolla_green_bress_n_ham, layout_basic
D:2:      layout_loops_ring, hellmonk_ecumenical_altar_run_dry
D:3:      layout_loops_ring, chequers_serial_rivers_micro_e, wad_orctagon
D:4:      layout_cave_pools, grunt_temple_overflow_open,
          minmay_temple_entry_offerings, uniq_duvessa
D:5:      layout_rooms, nicolae_sif_muna_condensation, uniq_ijyb
D:6:      layout_loops_corners, hellmonk_no_cap
D:7:      layout_loops_ring, uniq_maurice, uniq_menkaure, uniq_joseph
D:8:      layout_gridville, minivault_1, ebering_dispersal_statue_hall
D:9:      layout_loops_cross, nicolae_tso_carved_into_rock,
          mainiacjoe_overflow_tiny_flanked, uniq_jeremiah, uniq_erolcha,
          uniq_gastronok
Temple:   lightli_temple_of_artemis

Skill      XL: |  1  2  3  4  5  6  7  8  9 10 |
---------------+-------------------------------+-----
Axes           | 3 4 5 6 7 9 11 12 | 12.0
Fighting       | 4 5 6 |  6.8
Dodging        | 1 2 3 4 |  4.7
Armour         | 4 5 6 7 |  7.0
Shields        | 4 5 |  5.6
Evocations     | 2 3 4 5 |  5.0
Throwing       | |  0.1
Stealth        | |  0.6
Unarmed Combat | |  0.3

Action                     |  1- 3 |  4- 6 |  7- 9 | 10-12 || total
---------------------------+-------+-------+-------+-------++-------
  Melee: War axe           |    78 |   117 |   219 |    22 ||   436
         Unarmed           |       |       |     7 |       ||     7
  Throw: Dart              |       |       |       |     2 ||     2
  Evoke: Wand              |       |       |       |     4 ||     4
    Use: Scroll            |     1 |    11 |     4 |     1 ||    17
         Potion            |       |       |     3 |       ||     3
   Stab: Paralysed         |       |       |       |     2 ||     2
 Armour: Scale mail        |    31 |       |       |       ||    31
         Plate armour      |    40 |   114 |   240 |    27 ||   421
         Skin              |       |       |     5 |       ||     5
  Dodge: Dodged            |    24 |    30 |    72 |     9 ||   135
  Block: Buckler           |    19 |    35 |    55 |     8 ||   117

Table legend: (Time is in decaauts)
 A = Elapsed time spent in this place.
 B = Non-inter-level travel time spent in this place.
 C = Inter-level travel time spent in this place.
 D = Time resting spent in this place.
 E = Time spent auto-exploring this place.
 F = Levels seen in this place.
 G = Mean time per level.
                   A        B        C        D        E       F      G
               +--------+--------+--------+--------+--------+-----+--------+
         Total |   6752 |   6752 |      0 |      3 |   4676 |  10 |  675.2 |
       Dungeon |   6751 |   6751 |      0 |      3 |   4676 |   9 |  750.1 |
        Temple |      1 |      1 |      0 |      0 |      0 |   1 |    1.0 |
               +--------+--------+--------+--------+--------+-----+--------+

Top non-repeatable levels by time:
     D:8: 1157 daAuts
     D:7: 1010 daAuts
     D:6: 888 daAuts
     D:3: 759 daAuts
     D:1: 756 daAuts
     D:4: 731 daAuts
     D:5: 686 daAuts
     D:2: 596 daAuts
     D:9: 164 daAuts
  Temple: 1 daAuts
